 Dungeon Crawl Stone Soup version 0.22-a0-322-g60b3cfd (webtiles) character file.

37 xccam the Twirler (level 3, -6/28 HPs)
             Began as a Gnoll Wanderer on Apr 3, 2018.
             Mangled by an orc warrior
             ... wielding a +0 halberd
              (24 damage)
             ... on level 2 of the Dungeon.
             The game lasted 00:02:03 (1264 turns).

xccam the Twirler (Gnoll Wanderer)                  Turns: 1264, Time: 00:02:05

Health: -6/28      AC:  6    Str: 14    XL:     3   Next: 39%
Magic:  9/9        EV: 10    Int: 16    God:
Gold:   65         SH:  4    Dex: 13    Spells: 12/12 levels left

rFire    . . .     SeeInvis .   n - +0 hand axe (curse)
rCold    . . .     Gourm    .   j - +0 buckler
rNeg     . . .     Faith    .   o - +0 ring mail
rPois    .         Spirit   .   (no helmet)
rElec    .         Reflect  .   (no cloak)
rCorr    .         Harm     .   e - +0 pair of gloves
MR       .....                  (no boots)
Stlth    ++........             (no amulet)
HPRegen  0.09/turn              (no ring)
MPRegen  0.11/turn              (no ring)

@: no status effects
A: distributed training, fangs 1, strong nose
a: no special abilities


You were on level 2 of the Dungeon.
You were not hungry.

You visited 1 branch of the dungeon, and saw 2 of its levels.

You collected 65 gold pieces.

Inventory:

Hand Weapons
 a - a +2 quarterstaff
 d - a +0 dagger
 n - a cursed +0 hand axe (weapon)
Missiles
 i - 3 tomahawks (quivered)
Armour
 e - a +0 pair of gloves (worn)
 j - a +0 buckler (worn)
 o - a +0 ring mail (worn)
Scrolls
 l - 2 scrolls of identify {unknown}
 m - a scroll of blinking {unknown}
Potions
 b - 2 potions of curing
 g - a potion of haste {unknown}
 h - 2 potions of degeneration {unknown}
 k - a potion of flight {unknown}
 p - a potion of berserk rage {unknown}
Comestibles
 c - 2 chunks of flesh
 f - a ration


   Skills:
 + Level 2.6 Fighting
 + Level 0.7 Short Blades
 + Level 0.7 Long Blades
 + Level 0.7 Axes
 + Level 0.7 Maces & Flails
 + Level 0.7 Polearms
 + Level 6.5 Staves
 + Level 0.7 Slings
 + Level 0.7 Bows
 + Level 0.7 Crossbows
 + Level 0.7 Throwing
 + Level 0.7 Armour
 + Level 0.7 Dodging
 + Level 4.1 Stealth
 + Level 2.6 Shields
 + Level 0.7 Unarmed Combat
 + Level 5.0 Spellcasting
 + Level 0.5 Conjurations
 + Level 0.5 Hexes
 + Level 0.5 Charms
 + Level 0.5 Summonings
 + Level 2.1 Necromancy
 + Level 0.5 Translocations
 + Level 0.5 Transmutations
 + Level 0.5 Fire Magic
 + Level 0.5 Ice Magic
 + Level 0.5 Air Magic
 + Level 0.5 Earth Magic
 + Level 0.5 Poison Magic
 + Level 0.9 Invocations
 + Level 0.7 Evocations


You had 12 spell levels left.
You didn't know any spells.

Dungeon Overview and Level Annotations

Branches:
Dungeon (2/15)

Altars:


Innate Abilities, Weirdness & Mutations

Your experience applies equally to all skills.
You have very sharp teeth.
Your uncanny sense of smell can sniff out nearby items.


Message History

A giant cockroach and an orc come into view.
An orc warrior comes into view. It is wielding a halberd.
The orc closely misses you.
Your ring mail prevents you from hitting the orc.
The orc warrior shouts!
The orc hits you but does no damage.
The giant cockroach waves its antennae.
The giant cockroach bites you but does no damage.
You slash the orc!
You kill the orc!
You hit the giant cockroach.
The giant cockroach bites you but does no damage.
The orc warrior hits you from afar with a halberd!
You hit the giant cockroach.
You kill the giant cockroach!
You barely miss the orc. You hit the orc. The orc barely misses you.
The orc hits you with a dagger.
The orc warrior hits you from afar with a halberd!!
Ouch! That really hurt!
You die...

####### #.....#
#.###.### #.#.....#
#######.#.....######
##.....#.#..........###.
......(..#..............
#......###..............
#......# #......@.......
#.#'#### ###....ooo.....
#.....# #............
#.....# ###..........
#.....# ###........
#.....# #........
#....รท# #....####
#.#.### #....# #.#.#


You could see an orc warrior and 2 orcs.

Vanquished Creatures
  2 dart slugs (D:1)
  A leopard gecko (D:1)
  An orc (D:2)
  8 bats
  5 giant cockroaches
  3 goblins (D:1)
  5 hobgoblins
  A frilled lizard (D:1)
  A kobold (D:1)
  A rat (D:1)
  A plant (D:1)
29 creatures vanquished.

Notes
Turn   | Place    | Note
-------+----------+-------------------------------------------
     0 | D:1      | xccam the Gnoll Wanderer began the quest for the Orb.
     0 | D:1      | xccam set off with: a +2 quarterstaff, 2 potions of curing, a +0 robe, a +0 dagger, a ration
     0 | D:1      | Reached XP level 1. HP: 17/17 MP: 6/6
    63 | D:1      | Reached XP level 2. HP: 16/23 MP: 7/7
   603 | D:1      | Reached XP level 3. HP: 27/28 MP: 9/9
   703 | D:1      | Reached skill level 5 in Spellcasting
  1260 | D:2      | Noticed an orc warrior
  1264 | D:2      | Mangled by an orc warrior

Vault maps used:
D:1:      roderic_crop_circles_arrival_small
D:2:      lemuel_doored_altar

Skill      XL: |  1  2  3 |
---------------+----------+-----
Necromancy     | 2 |  2.1
Spellcasting   | 5 |  5.0
Fighting       | |  2.6
Short Blades   | |  0.7
Long Blades    | |  0.7
Axes           | |  0.7
Maces & Flails | |  0.7
Polearms       | |  0.7
Staves         | |  6.5
Slings         | |  0.7
Bows           | |  0.7
Crossbows      | |  0.7
Throwing       | |  0.7
Armour         | |  0.7
Dodging        | |  0.7
Stealth        | |  4.1
Shields        | |  2.6
Unarmed Combat | |  0.7
Conjurations   | |  0.5
Hexes          | |  0.5
Charms         | |  0.5
Summonings     | |  0.5
Translocations | |  0.5
Transmutations | |  0.5
Fire Magic     | |  0.5
Ice Magic      | |  0.5
Air Magic      | |  0.5
Earth Magic    | |  0.5
Poison Magic   | |  0.5
Invocations    | |  0.9
Evocations     | |  0.7

Action                   || total
-------------------------++-------
Melee: Quarterstaff      ||    63
       Bite              ||     5
       Hand axe          ||    18
 Stab: Sleeping          ||     7
  Eat: Chunk             ||     1
Armor: Robe              ||    13
       Ring mail         ||     6
Dodge: Dodged            ||    48
Block: Buckler           ||     3

Table legend:
 A = Spawn XP
 B = Non-spawn XP
 C = Spawn XP percentage of total XP
 D = Spawn monster count
 E = Non-spawn monster count
 F = Spawn count percentage of total count
 G = Total turns spent on level
                    A         B        C        D         E        F      G
               +---------+---------+-------+---------+---------+-------+---------
         Total |       0 |      53 |   0.0 |       0 |      28 |   0.0 |  1264
               +---------+---------+-------+---------+---------+-------+---------
           D:1 |       0 |      45 |   0.0 |       0 |      24 |   0.0 |  1159
           D:2 |       0 |       8 |   0.0 |       0 |       4 |   0.0 |   105
               +---------+---------+-------+---------+---------+-------+---------
